Avalanche vs Penguins
(R1)
Created - March 27, 2022 at 22:13
Goals
|
| Avalanche |
0 |
1 |
4 |
1 |
6 |
| Penguins |
0 |
3 |
2 |
0 |
5 |
|
Shots
|
| Avalanche |
8 |
12 |
9 |
1 |
30 |
| Penguins |
12 |
9 |
6 |
0 |
27 |
|
1st period
No Goal
Penalties :
Colten Teubert (Col) for Hooking (Minor) at 10:08, Martin Samuelsson (Col) for Interference (Minor) at 18:13
2nd period
1. Penguins , Nikita Kucherov 32 (Steven Stamkos 45, Viktor Fasth) at 0:12 (PP)
2. Penguins , Clarke MacArthur 4 (Joe Colborne 11, Sean Zimmerman 16) at 4:00
3. Penguins , Nikita Kucherov 33 (Steven Stamkos 46) at 5:48 (PP)
4. Avalanche , Mattias Ekholm 3 (Tomas Fleischmann 5) at 16:39
Penalties :
Luke Witkowski (Col) for Cross-checking (Minor) at 1:19, Evgeny Dadonov (Col) for Tripping (Minor) at 4:29, Steven Stamkos (Pit) for Goalie Interference (Minor) at 7:01, Keith Aulie (Pit) for Interference (Minor) at 11:16
3rd period
5. Penguins , Derek Stepan 21 (Joe Pavelski 11, Oliver Ekman-Larsson 24) at 1:08 (PP)
6. Avalanche , Evgeny Dadonov 15 (Charlie Coyle 23, Jack Johnson 20) at 1:24
7. Avalanche , Jonathan Marchessault 3 (Martin Samuelsson 6) at 13:58
8. Penguins , Brandon Tanev 4 (Lars Eller 7) at 17:21
9. Avalanche , Luke Witkowski 7 (Mikkel Boedker 40, Bryan Little 34) at 18:00
10. Avalanche , Bryan Little 22 (Mikkel Boedker 41) at 19:51
Penalties :
Evgeny Dadonov (Col) for Hooking (Minor) at 0:34, Keith Aulie (Pit) for Holding (Minor) at 2:00, Joe Pavelski (Pit) for Tripping (Minor) at 6:21, Keith Aulie (Pit) for Interference (Minor) at 15:05
Overtime #1
11. Avalanche , Luke Witkowski 8 (Pavel Buchnevich 12, Jack Johnson 21) at 2:32
Penalties :
No Penalty
Goalie Stats
Cam Ward (Col), 22 saves from 27 shots - (0.815), W, 18-11-2, 61:50 minutes
Viktor Fasth (Pit), 24 saves from 30 shots - (0.800), OTL, 10-8-3, 62:32 minutes
Players Stats for Avalanche
Player Name G A P +/- PIM S H SB GA TA FO MP PP MP PK MP
------------------------------------------------------------------------------------
Bryan Little 1 1 2 2 0 1 1 3 0 1 5/15 20:49 5:17 0:38
Charlie Coyle 0 1 1 0 0 3 1 0 1 0 12/28 20:31 4:25 4:19
Colten Teubert 0 0 0 2 2 0 0 1 0 0 0/0 14:26 4:11 0:00
Erik Karlsson 0 0 0 2 0 1 1 4 0 0 0/0 21:08 5:44 0:00
Evgeny Dadonov 1 0 1 1 4 2 0 0 0 0 1/1 15:55 4:38 0:00
Jack Johnson 0 2 2 0 0 3 0 2 0 1 0/0 29:03 5:44 4:53
James Van Riemsdyk 0 0 0 1 0 3 0 0 0 0 0/0 17:43 4:38 1:12
Joel Edmundson 0 0 0 2 0 0 0 1 0 2 0/0 13:44 0:00 2:57
Jonathan Marchessault 1 0 1 0 0 1 3 0 0 0 3/4 7:41 0:00 0:00
Kyle Turris 0 0 0 1 0 1 1 0 1 0 4/10 10:37 0:00 2:17
Luke Witkowski 2 0 2 1 2 3 2 0 0 1 1/2 13:47 0:33 3:29
Marc Staal 0 0 0 0 0 0 1 1 0 0 0/0 22:54 0:00 4:53
Martin Samuelsson 0 1 1 0 2 2 1 1 0 0 0/0 9:16 0:00 1:36
Mattias Ekholm 1 0 1 2 0 3 1 0 1 1 0/0 23:56 4:11 2:57
Mikkel Boedker 0 2 2 2 0 1 1 1 0 0 1/1 20:44 5:17 0:00
Patric Hornqvist 0 0 0 0 0 1 0 1 0 0 0/1 15:13 4:10 0:00
Pavel Buchnevich 0 1 1 1 0 4 0 0 0 0 1/1 12:22 0:00 2:09
Tomas Fleischmann 0 1 1 2 0 1 0 0 0 0 0/0 12:24 0:47 0:00
Players Stats for Penguins
Player Name G A P +/- PIM S H SB GA TA FO MP PP MP PK MP
------------------------------------------------------------------------------------
Brandon Tanev 1 0 1 0 0 2 0 0 0 0 0/0 6:10 0:00 0:00
Cal Clutterbuck 0 0 0 -1 0 0 1 1 1 0 0/3 14:54 0:00 1:57
Clarke MacArthur 1 0 1 -1 0 2 4 1 1 0 0/0 14:19 0:00 1:52
Damon Severson 0 0 0 0 0 0 0 0 0 0 0/0 0:08 0:00 0:00
Derek Stepan 1 0 1 -1 0 4 1 0 2 0 11/14 19:24 3:41 3:54
Jason Zucker 0 0 0 -3 0 1 1 0 0 1 2/3 24:48 4:09 5:25
Jeff Skinner 0 0 0 0 0 1 1 0 0 0 0/0 16:36 3:41 2:32
Joe Colborne 0 1 1 0 0 3 1 1 0 0 3/6 11:43 0:00 0:00
Joe Pavelski 0 1 1 0 2 1 1 0 0 0 1/1 13:38 3:41 0:00
Keith Aulie 0 0 0 -4 6 2 1 1 0 0 0/0 29:25 4:49 1:43
Lars Eller 0 1 1 0 0 0 2 0 0 0 1/1 6:10 0:00 0:00
Marcus Foligno 0 0 0 0 0 0 2 0 0 0 0/0 6:43 0:00 0:00
Nick Leddy 0 0 0 1 0 1 5 1 1 1 0/0 28:37 3:01 6:23
Nikita Kucherov 2 0 2 -3 0 5 1 1 1 0 1/1 18:06 4:09 0:00
Oliver Ekman-Larsson 0 1 1 -6 0 2 2 1 0 1 0/0 30:51 4:49 5:22
Robert Hagg 0 0 0 1 0 0 2 1 0 0 0/0 12:54 0:00 2:08
Sean Zimmerman 0 1 1 1 0 2 3 2 0 0 0/0 22:10 3:01 4:14
Steven Stamkos 0 2 2 -3 2 1 1 1 0 0 16/34 23:32 4:09 4:10
3 Stars
1 - Bryan Little (Col)
2 - Luke Witkowski (Col)
3 - Mikkel Boedker (Col)
Power Play
Avalanche - 0 on 5 Attempt(s) - 0.00%
Penguins - 3 on 5 Attempt(s) - 60.00%
Penalty Kill
Avalanche - 2 on 5 Attempt(s) - 40.00%
- Score 0 goal in Penalty Kill
Penguins - 5 on 5 Attempt(s) - 100.00%
- Score 0 goal in Penalty Kill
Team Stat
Avalanche - Hits : 13 - Faceoff Wins : 28 - Blocked Shots : 15 - Penalty Minutes : 10
Penguins - Hits : 29 - Faceoff Wins : 35 - Blocked Shots : 11 - Penalty Minutes : 10
Official
Referees : Marc Joannette and Dan Kelly
Linesman : Steve Barton and Michel Cormier
Game Notes
Damon Severson is injured at 5:19 of 1st period (Sports Hernia)
Patric Hornqvist is injured at 9:58 of 3rd period (Fractured Metatarsal (Right Foot))
Finance
Level 1 -- Attendance: 5724 (95.40%) -- Ticket Income $572,400
Level 2 -- Attendance: 4897 (97.94%) -- Ticket Income $293,820
Level 3 -- Attendance: 1857 (92.85%) -- Ticket Income $64,995
Level 4 -- Attendance: 3799 (94.98%) -- Ticket Income $94,975
Luxury Box -- Attendance: 1000 (100.00%) -- Ticket Income $200,000
Game was played at the PPG Paint Arena.
Total Attendance: 17277 (95.98%)
Total Ticket Income: $1,226,190
Other Income: $183,928
Total Income: $1,410,118
Avalanche
5 vs 5 Forward
Center Left Wing Right Wing Time % Phy DF OF
1 Bryan Little Mikkel Boedker Patric Hornqvist 35 1 2 2
2 Charlie Coyle James Van Riemsdyk Evgeny Dadonov 30 1 2 2
3 Kyle Turris Tomas Fleischmann Pavel Buchnevich 20 1 2 2
4 Jonathan Marchessault Martin Samuelsson Luke Witkowski 15 1 2 2
5 vs 5 Defense
Defense Defense Time % Phy DF OF
1 Jack Johnson Marc Staal 40 1 2 2
2 Erik Karlsson Mattias Ekholm 35 1 2 2
3 Colten Teubert Joel Edmundson 25 1 2 2
4 Joel Edmundson Jack Johnson 0 1 2 2
PowerPlay Forward
Center Left Wing Right Wing Time % Phy DF OF
1 Bryan Little Mikkel Boedker Patric Hornqvist 60 1 2 2
2 Charlie Coyle James Van Riemsdyk Evgeny Dadonov 40 1 2 2
PowerPlay Defense
Defense Defense Time % Phy DF OF
1 Jack Johnson Erik Karlsson 60 1 2 2
2 Colten Teubert Mattias Ekholm 40 1 2 2
Penalty Kill 4 Players Forward
Center Wing Time % Phy DF OF
1 Charlie Coyle Luke Witkowski 60 1 2 2
2 Kyle Turris Martin Samuelsson 40 1 2 2
Penalty Kill 4 Players Defense
Defense Defense Time % Phy DF OF
1 Jack Johnson Marc Staal 60 1 2 2
2 Joel Edmundson Mattias Ekholm 40 1 2 2
Penalty Kill - 3 Players Forward
Forward Time % Phy DF OF
1 Mikkel Boedker 60 1 2 2
2 Patric Hornqvist 40 1 2 2
Penalty Kill - 3 Players Defense
Defense Defense Time % Phy DF OF
1 Jack Johnson Marc Staal 60 1 2 2
2 Erik Karlsson Mattias Ekholm 40 1 2 2
4 vs 4 Forward
Center Wing Time % Phy DF OF
1 Mikkel Boedker Patric Hornqvist 60 1 2 2
2 Bryan Little Charlie Coyle 40 1 2 2
4 vs 4 Defense
Defense Defense Time % Phy DF OF
1 Jack Johnson Marc Staal 60 1 2 2
2 Erik Karlsson Mattias Ekholm 40 1 2 2
Last Minutes Offensive
Center Left Wing Right Wing Defense Defense
Bryan Little Mikkel Boedker Patric Hornqvist Jack Johnson Marc Staal
Last Minutes Defensive
Center Left Wing Right Wing Defense Defense
Bryan Little Mikkel Boedker Patric Hornqvist Jack Johnson Marc Staal
Goaltenders
Starting : Cam Ward
Backup : Semyon Varlamov
Extra Forwards
Normal : Tomas Fleischmann, Luke Witkowski, Pavel Buchnevich - PP : Tomas Fleischmann, Luke Witkowski - PK : Pavel Buchnevich
Extra Defensemen
Normal : Colten Teubert, Marc Staal, Joel Edmundson - PP : Colten Teubert - PK : Marc Staal, Joel Edmundson
Penalty Shots
Mikkel Boedker, Patric Hornqvist, Bryan Little, Charlie Coyle, James Van Riemsdyk
Scratches
Vincent Trocheck (Bruised Right Foot Injury)
Penguins
5 vs 5 Forward
Center Left Wing Right Wing Time % Phy DF OF
1 Steven Stamkos Jason Zucker Nikita Kucherov 40 1 2 2
2 Derek Stepan Jeff Skinner Joe Pavelski 30 1 2 2
3 Joe Colborne Clarke MacArthur Cal Clutterbuck 20 1 2 2
4 Lars Eller Brandon Tanev Marcus Foligno 10 1 2 2
5 vs 5 Defense
Defense Defense Time % Phy DF OF
1 Oliver Ekman-Larsson Keith Aulie 40 1 2 2
2 Sean Zimmerman Nick Leddy 30 1 2 2
3 Damon Severson Robert Hagg 20 1 2 2
4 Oliver Ekman-Larsson Keith Aulie 10 1 2 2
PowerPlay Forward
Center Left Wing Right Wing Time % Phy DF OF
1 Steven Stamkos Jason Zucker Nikita Kucherov 60 1 2 2
2 Derek Stepan Jeff Skinner Joe Pavelski 40 1 2 2
PowerPlay Defense
Defense Defense Time % Phy DF OF
1 Oliver Ekman-Larsson Keith Aulie 60 1 2 2
2 Sean Zimmerman Nick Leddy 40 1 2 2
Penalty Kill 4 Players Forward
Center Wing Time % Phy DF OF
1 Steven Stamkos Jason Zucker 60 1 2 2
2 Derek Stepan Jeff Skinner 40 1 2 2
Penalty Kill 4 Players Defense
Defense Defense Time % Phy DF OF
1 Oliver Ekman-Larsson Keith Aulie 60 1 2 2
2 Sean Zimmerman Nick Leddy 40 1 2 2
Penalty Kill - 3 Players Forward
Forward Time % Phy DF OF
1 Steven Stamkos 60 1 2 2
2 Derek Stepan 40 1 2 2
Penalty Kill - 3 Players Defense
Defense Defense Time % Phy DF OF
1 Oliver Ekman-Larsson Keith Aulie 60 1 2 2
2 Sean Zimmerman Nick Leddy 40 1 2 2
4 vs 4 Forward
Center Wing Time % Phy DF OF
1 Steven Stamkos Jason Zucker 60 1 2 2
2 Derek Stepan Jeff Skinner 40 1 2 2
4 vs 4 Defense
Defense Defense Time % Phy DF OF
1 Oliver Ekman-Larsson Keith Aulie 60 1 2 2
2 Sean Zimmerman Nick Leddy 40 1 2 2
Last Minutes Offensive
Center Left Wing Right Wing Defense Defense
Steven Stamkos Jason Zucker Nikita Kucherov Oliver Ekman-Larsson Keith Aulie
Last Minutes Defensive
Center Left Wing Right Wing Defense Defense
Steven Stamkos Jason Zucker Nikita Kucherov Oliver Ekman-Larsson Keith Aulie
Goaltenders
Starting : Viktor Fasth
Backup : Jacob Markstrom
Extra Forwards
Normal : Cal Clutterbuck, Marcus Foligno, Jason Zucker - PP : Cal Clutterbuck, Marcus Foligno - PK : Cal Clutterbuck
Extra Defensemen
Normal : Nick Leddy, Damon Severson, Robert Hagg - PP : Nick Leddy - PK : Nick Leddy, Damon Severson
Penalty Shots
Steven Stamkos, Nikita Kucherov, Derek Stepan, Joe Pavelski, Cal Clutterbuck
Scratches
None
% Time on Ice - Avalanche
Lines # - Real PCT - Wanted PCT - Time Play
Normal Forward
1 - 34% - 35% - 13:55
2 - 28% - 30% - 11:26
3 - 20% - 20% - 8:20
4 - 19% - 15% - 7:41
Normal Defense
1 - 41% - 40% - 17:06
2 - 36% - 35% - 14:52
3 - 23% - 25% - 9:24
4 - 0% - 0% - 0:00
PP Forward
1 - 56% - 60% - 5:31
2 - 44% - 40% - 4:24
PP Defense
1 - 58% - 60% - 5:44
2 - 42% - 40% - 4:11
PK Forward
1 - 71% - 60% - 5:33
2 - 29% - 40% - 2:17
PK Defense
1 - 62% - 60% - 4:53
2 - 38% - 40% - 2:57
PK3 Forward
1 - 0% - 60%
2 - 0% - 40%
PK3 Defense
1 - 0% - 60%
2 - 0% - 40%
44 Forward
1 - 100% - 60% - 2:32
2 - 0% - 40% - 0:00
44 Defense
1 - 59% - 60% - 1:29
2 - 41% - 40% - 1:03
Last Minute Offensive - 0:53
Last Minute Defensive - 0:00
Total
Forward - 62:32
Defense - 62:32
|
% Time on Ice - Penguins
Lines # - Real PCT - Wanted PCT - Time Play
Normal Forward
1 - 33% - 40% - 13:32
2 - 24% - 30% - 10:00
3 - 28% - 20% - 11:43
4 - 15% - 10% - 6:10
Normal Defense
1 - 43% - 40% - 17:49
2 - 29% - 30% - 11:50
3 - 27% - 20% - 11:03
4 - 2% - 10% - 0:43
PP Forward
1 - 53% - 60% - 4:09
2 - 47% - 40% - 3:41
PP Defense
1 - 61% - 60% - 4:49
2 - 39% - 40% - 3:01
PK Forward
1 - 74% - 60% - 7:23
2 - 26% - 40% - 2:32
PK Defense
1 - 75% - 60% - 7:25
2 - 25% - 40% - 2:30
PK3 Forward
1 - 0% - 60%
2 - 0% - 40%
PK3 Defense
1 - 0% - 60%
2 - 0% - 40%
44 Forward
1 - 85% - 60% - 2:09
2 - 15% - 40% - 0:23
44 Defense
1 - 65% - 60% - 1:39
2 - 35% - 40% - 0:53
Last Minute Offensive - 0:00
Last Minute Defensive - 0:50
Total
Forward - 62:32
Defense - 62:32
|
Play-by-Play
1st period
0:01 of 1st period - Bryan Little wins face-off versus Steven Stamkos in neutral zone.
0:38 of 1st period - Snap shot by Joe Colborne.
0:38 of 1st period - Shot Blocked by Bryan Little.
1:23 of 1st period - Wrist shot by Clarke MacArthur.
1:23 of 1st period - Shot Blocked by Marc Staal.
1:25 of 1st period - Snap shot by Joe Colborne.
1:25 of 1st period - Shot Misses the Net.
1:27 of 1st period - Snap shot by Joe Colborne.
1:27 of 1st period - Stopped by Cam Ward with a rebound.
1:29 of 1st period - Snap shot by Clarke MacArthur.
1:29 of 1st period - Stopped by Cam Ward with a rebound.
2:09 of 1st period - Wrist shot by Joe Colborne.
2:09 of 1st period - Deflect By Jack Johnson.
2:09 of 1st period - Stopped by Cam Ward with a rebound.
2:11 of 1st period - Snap shot by Cal Clutterbuck.
2:11 of 1st period - Shot Misses the Net.
2:31 of 1st period - Jack Johnson is hit by Clarke MacArthur.
2:35 of 1st period - Sean Zimmerman is hit by Bryan Little and loses puck.
3:11 of 1st period - Wrist shot by Bryan Little.
3:11 of 1st period - Shot Misses the Net.
3:37 of 1st period - Slapshot by Mikkel Boedker.
3:37 of 1st period - Stopped by Viktor Fasth with a rebound.
3:47 of 1st period - Mikkel Boedker is hit by Joe Colborne and loses puck.
4:18 of 1st period - Snap shot by Clarke MacArthur.
4:18 of 1st period - Shot Blocked by Jack Johnson.
4:20 of 1st period - Snap shot by Joe Colborne.
4:20 of 1st period - Shot Blocked by Jack Johnson.
4:22 of 1st period - Slapshot by Cal Clutterbuck.
4:22 of 1st period - Shot Misses the Net.
4:24 of 1st period - Slapshot by Clarke MacArthur.
4:24 of 1st period - Shot Misses the Net.
4:26 of 1st period - Slapshot by Sean Zimmerman.
4:26 of 1st period - Stopped by Cam Ward with a rebound.
4:28 of 1st period - Slapshot by Sean Zimmerman.
4:28 of 1st period - Stopped by Cam Ward without a rebound.
4:29 of 1st period - Steven Stamkos wins face-off versus Charlie Coyle in Avalanche zone.
4:38 of 1st period - Snap shot by Nikita Kucherov.
4:38 of 1st period - Shot Blocked by Erik Karlsson.
5:18 of 1st period - Damon Severson is hit by Martin Samuelsson and loses puck.
5:19 of 1st period - Damon Severson from Penguins is injured at 5:19 of 1st period (Sports Hernia).
5:20 of 1st period - Charlie Coyle wins face-off versus Steven Stamkos in Penguins zone.
5:33 of 1st period - Off-side.
5:34 of 1st period - Nikita Kucherov wins face-off versus Charlie Coyle in neutral zone.
5:37 of 1st period - Snap shot by Jason Zucker.
5:37 of 1st period - Shot Blocked by Erik Karlsson.
5:51 of 1st period - Slapshot by Charlie Coyle.
5:51 of 1st period - Stopped by Viktor Fasth without a rebound.
5:52 of 1st period - Derek Stepan wins face-off versus Jonathan Marchessault in Penguins zone.
5:52 of 1st period - Derek Stepan is hit by Jonathan Marchessault.
6:08 of 1st period - Mattias Ekholm is hit by Derek Stepan and loses puck.
7:01 of 1st period - Backhand shot by Derek Stepan.
7:01 of 1st period - Stopped by Cam Ward without a rebound.
7:02 of 1st period - Derek Stepan wins face-off versus Luke Witkowski in Avalanche zone.
7:03 of 1st period - Wrist shot by Jeff Skinner.
7:03 of 1st period - Stopped by Cam Ward with a rebound.
7:17 of 1st period - Slapshot by Derek Stepan.
7:17 of 1st period - Deflect By Jeff Skinner.
7:17 of 1st period - Shot Blocked by Martin Samuelsson.
7:17 of 1st period - Puck is out of play.
7:18 of 1st period - Charlie Coyle wins face-off versus Steven Stamkos in Avalanche zone.
7:20 of 1st period - Icing by Erik Karlsson.
7:21 of 1st period - Charlie Coyle wins face-off versus Steven Stamkos in Avalanche zone.
7:25 of 1st period - Erik Karlsson is hit by Steven Stamkos and loses puck.
7:28 of 1st period - Snap shot by Mattias Ekholm.
7:28 of 1st period - Shot Misses the Net.
7:30 of 1st period - Snap shot by Erik Karlsson.
7:30 of 1st period - Shot Blocked by Robert Hagg.
7:32 of 1st period - Snap shot by James Van Riemsdyk.
7:32 of 1st period - Stopped by Viktor Fasth with a rebound.
7:34 of 1st period - Snap shot by Mattias Ekholm.
7:34 of 1st period - Stopped by Viktor Fasth with a rebound.
7:36 of 1st period - Slapshot by Mattias Ekholm.
7:36 of 1st period - Deflect By Nikita Kucherov.
7:36 of 1st period - Stopped by Viktor Fasth without a rebound.
7:37 of 1st period - Derek Stepan wins face-off versus Kyle Turris in Penguins zone.
8:10 of 1st period - Wrist shot by Charlie Coyle.
8:10 of 1st period - Shot Misses the Net.
8:26 of 1st period - Lars Eller is hit by Mikkel Boedker and loses puck.
9:11 of 1st period - Wrist shot by Steven Stamkos.
9:11 of 1st period - Shot Misses the Net.
9:51 of 1st period - Slapshot by Oliver Ekman-Larsson.
9:51 of 1st period - Stopped by Cam Ward with a rebound.
10:08 of 1st period - Minor Penalty to Colten Teubert for Hooking.
10:09 of 1st period - Charlie Coyle wins face-off versus Steven Stamkos in Avalanche zone.
10:42 of 1st period - Wrist shot by Derek Stepan.
10:42 of 1st period - Shot Misses the Net.
11:08 of 1st period - Mattias Ekholm is hit by Jason Zucker and loses puck.
11:40 of 1st period - Icing by Sean Zimmerman.
11:41 of 1st period - Pavel Buchnevich wins face-off versus Steven Stamkos in Penguins zone.
11:48 of 1st period - Wrist shot by Pavel Buchnevich.
11:48 of 1st period - Stopped by Viktor Fasth with a rebound.
12:08 of 1st period - Penalty to Colten Teubert is over, Colten Teubert is back on ice.
12:19 of 1st period - Slapshot by Mikkel Boedker.
12:19 of 1st period - Shot Misses the Net.
12:25 of 1st period - Slapshot by Nick Leddy.
12:25 of 1st period - Shot Blocked by Joel Edmundson.
12:59 of 1st period - Slapshot by Luke Witkowski.
12:59 of 1st period - Stopped by Viktor Fasth without a rebound.
13:00 of 1st period - Jonathan Marchessault wins face-off versus Derek Stepan in Penguins zone.
13:01 of 1st period - Slapshot by Luke Witkowski.
13:01 of 1st period - Shot Misses the Net.
14:21 of 1st period - Erik Karlsson is hit by Joe Pavelski and loses puck.
15:15 of 1st period - Slapshot by Pavel Buchnevich.
15:15 of 1st period - Stopped by Viktor Fasth with a rebound.
15:17 of 1st period - Wrist shot by Kyle Turris.
15:17 of 1st period - Shot Blocked by Sean Zimmerman.
15:19 of 1st period - Slapshot by Pavel Buchnevich.
15:19 of 1st period - Shot Misses the Net.
15:21 of 1st period - Slapshot by Marc Staal.
15:21 of 1st period - Shot Blocked by Sean Zimmerman.
15:31 of 1st period - Slapshot by Nick Leddy.
15:31 of 1st period - Shot Blocked by Colten Teubert.
15:33 of 1st period - Snap shot by Joe Pavelski.
15:33 of 1st period - Stopped by Cam Ward without a rebound.
15:34 of 1st period - Derek Stepan wins face-off versus Bryan Little in Avalanche zone.
15:41 of 1st period - Wrist shot by Jeff Skinner.
15:41 of 1st period - Shot Blocked by Patric Hornqvist.
15:43 of 1st period - Slapshot by Nick Leddy.
15:43 of 1st period - Stopped by Cam Ward with a rebound.
16:02 of 1st period - Off-side.
16:03 of 1st period - Evgeny Dadonov wins face-off versus Steven Stamkos in neutral zone.
17:24 of 1st period - Wrist shot by Steven Stamkos.
17:24 of 1st period - Shot Misses the Net.
17:26 of 1st period - Wrist shot by Steven Stamkos.
17:26 of 1st period - Shot Blocked by Erik Karlsson.
17:28 of 1st period - Slapshot by Keith Aulie.
17:28 of 1st period - Deflect By Erik Karlsson.
17:28 of 1st period - Stopped by Cam Ward without a rebound.
17:29 of 1st period - Joe Pavelski wins face-off versus Kyle Turris in Avalanche zone.
18:13 of 1st period - Minor Penalty to Martin Samuelsson for Interference.
18:14 of 1st period - Derek Stepan wins face-off versus Charlie Coyle in Avalanche zone.
18:49 of 1st period - Slapshot by Derek Stepan.
18:49 of 1st period - Shot Misses the Net.
19:15 of 1st period - Snap shot by Derek Stepan.
19:15 of 1st period - Stopped by Cam Ward without a rebound.
19:16 of 1st period - Steven Stamkos wins face-off versus Charlie Coyle in Avalanche zone.
Goals for this period are 0 for Avalanche vs 0 for Penguins.
Shots for this period are 8 for Avalanche vs 12 for Penguins.
2nd period
0:01 of 2nd period - Steven Stamkos wins face-off versus Charlie Coyle in neutral zone.
0:12 of 2nd period - Snap shot by Steven Stamkos.
0:12 of 2nd period - Deflect By Nikita Kucherov.
0:12 of 2nd period - Goal by Nikita Kucherov - Avalanche : 0 - Penguins : 1.
0:13 of 2nd period - Steven Stamkos wins face-off versus Charlie Coyle in neutral zone.
0:50 of 2nd period - Slapshot by Jack Johnson.
0:50 of 2nd period - Stopped by Viktor Fasth with a rebound.
1:11 of 2nd period - Snap shot by Lars Eller.
1:11 of 2nd period - Shot Blocked by Erik Karlsson.
1:19 of 2nd period - Minor Penalty to Luke Witkowski for Cross-checking.
1:20 of 2nd period - Jason Zucker wins face-off versus Charlie Coyle in Avalanche zone.
2:38 of 2nd period - Snap shot by Kyle Turris.
2:38 of 2nd period - Shot Misses the Net.
2:41 of 2nd period - Icing by Keith Aulie.
2:42 of 2nd period - Derek Stepan wins face-off versus Kyle Turris in Penguins zone.
3:02 of 2nd period - Wrist shot by Derek Stepan.
3:02 of 2nd period - Stopped by Cam Ward without a rebound.
3:03 of 2nd period - Charlie Coyle wins face-off versus Steven Stamkos in Avalanche zone.
3:19 of 2nd period - Penalty to Luke Witkowski is over, Luke Witkowski is back on ice.
3:54 of 2nd period - Snap shot by Joe Colborne.
3:54 of 2nd period - Stopped by Cam Ward with a rebound.
4:00 of 2nd period - Wrist shot by Clarke MacArthur.
4:00 of 2nd period - Goal by Clarke MacArthur - Avalanche : 0 - Penguins : 2.
4:01 of 2nd period - Steven Stamkos wins face-off versus Charlie Coyle in neutral zone.
4:06 of 2nd period - Snap shot by Steven Stamkos.
4:06 of 2nd period - Stopped by Cam Ward with a rebound.
4:08 of 2nd period - Snap shot by Jason Zucker.
4:08 of 2nd period - Stopped by Cam Ward without a rebound.
4:09 of 2nd period - Steven Stamkos wins face-off versus Charlie Coyle in Avalanche zone.
4:16 of 2nd period - Snap shot by Nikita Kucherov.
4:16 of 2nd period - Shot Misses the Net.
4:18 of 2nd period - Snap shot by Nikita Kucherov.
4:18 of 2nd period - Shot Misses the Net.
4:20 of 2nd period - Slapshot by Keith Aulie.
4:20 of 2nd period - Stopped by Cam Ward without a rebound.
4:21 of 2nd period - Steven Stamkos wins face-off versus Charlie Coyle in Avalanche zone.
4:29 of 2nd period - Minor Penalty to Evgeny Dadonov for Tripping.
4:30 of 2nd period - Charlie Coyle wins face-off versus Jason Zucker in Avalanche zone.
5:01 of 2nd period - Sean Zimmerman is hit by Marc Staal and loses puck.
5:09 of 2nd period - Icing by Nick Leddy.
5:10 of 2nd period - Charlie Coyle wins face-off versus Derek Stepan in Penguins zone.
5:13 of 2nd period - Snap shot by Luke Witkowski.
5:13 of 2nd period - Shot Blocked by Nick Leddy.
5:23 of 2nd period - Snap shot by Jeff Skinner.
5:23 of 2nd period - Shot Misses the Net.
5:25 of 2nd period - Slapshot by Derek Stepan.
5:25 of 2nd period - Shot Misses the Net.
5:39 of 2nd period - Mattias Ekholm is hit by Sean Zimmerman and loses puck.
5:48 of 2nd period - Wrist shot by Nikita Kucherov.
5:48 of 2nd period - Goal by Nikita Kucherov - Avalanche : 0 - Penguins : 3.
5:49 of 2nd period - Charlie Coyle wins face-off versus Steven Stamkos in neutral zone.
6:20 of 2nd period - Wrist shot by Jack Johnson.
6:20 of 2nd period - Stopped by Viktor Fasth without a rebound.
6:21 of 2nd period - Bryan Little wins face-off versus Derek Stepan in Penguins zone.
6:52 of 2nd period - Slapshot by Mikkel Boedker.
6:52 of 2nd period - Shot Misses the Net.
6:58 of 2nd period - Snap shot by Patric Hornqvist.
6:58 of 2nd period - Stopped by Viktor Fasth without a rebound.
6:59 of 2nd period - Steven Stamkos wins face-off versus Kyle Turris in Penguins zone.
7:01 of 2nd period - Minor Penalty to Steven Stamkos for Goalie Interference.
7:02 of 2nd period - Bryan Little wins face-off versus Cal Clutterbuck in Penguins zone.
8:07 of 2nd period - Off-side.
8:08 of 2nd period - Derek Stepan wins face-off versus Charlie Coyle in neutral zone.
8:25 of 2nd period - Patric Hornqvist is hit by Nick Leddy and loses puck.
9:01 of 2nd period - Penalty to Steven Stamkos is over, Steven Stamkos is back on ice.
9:16 of 2nd period - Wrist shot by Pavel Buchnevich.
9:16 of 2nd period - Stopped by Viktor Fasth without a rebound.
9:17 of 2nd period - Kyle Turris wins face-off versus Joe Colborne in Penguins zone.
9:20 of 2nd period - Wrist shot by Pavel Buchnevich.
9:20 of 2nd period - Stopped by Viktor Fasth without a rebound.
9:21 of 2nd period - Kyle Turris wins face-off versus Cal Clutterbuck in Penguins zone.
9:26 of 2nd period - Wrist shot by Pavel Buchnevich.
9:26 of 2nd period - Shot Blocked by Joe Colborne.
10:18 of 2nd period - Wrist shot by James Van Riemsdyk.
10:18 of 2nd period - Deflect By Evgeny Dadonov.
10:18 of 2nd period - Stopped by Viktor Fasth without a rebound.
10:19 of 2nd period - Derek Stepan wins face-off versus Kyle Turris in Penguins zone.
10:19 of 2nd period - Derek Stepan is hit by Kyle Turris.
10:27 of 2nd period - Kyle Turris is hit by Nick Leddy and loses puck.
10:57 of 2nd period - Wrist shot by Nikita Kucherov.
10:57 of 2nd period - Stopped by Cam Ward without a rebound.
10:58 of 2nd period - Derek Stepan wins face-off versus Bryan Little in Avalanche zone.
11:16 of 2nd period - Minor Penalty to Keith Aulie for Interference.
11:17 of 2nd period - Jason Zucker wins face-off versus Bryan Little in Penguins zone.
11:56 of 2nd period - Snap shot by Charlie Coyle.
11:56 of 2nd period - Stopped by Viktor Fasth without a rebound.
11:57 of 2nd period - Charlie Coyle wins face-off versus Steven Stamkos in Penguins zone.
12:20 of 2nd period - Erik Karlsson is hit by Jeff Skinner and loses puck.
12:49 of 2nd period - Jason Zucker is hit by Erik Karlsson and loses puck.
12:54 of 2nd period - Snap shot by James Van Riemsdyk.
12:54 of 2nd period - Stopped by Viktor Fasth with a rebound.
12:56 of 2nd period - Snap shot by James Van Riemsdyk.
12:56 of 2nd period - Stopped by Viktor Fasth with a rebound.
13:12 of 2nd period - Sean Zimmerman is hit by Charlie Coyle and loses puck.
13:16 of 2nd period - Penalty to Keith Aulie is over, Keith Aulie is back on ice.
13:23 of 2nd period - Wrist shot by Luke Witkowski.
13:23 of 2nd period - Shot Misses the Net.
13:25 of 2nd period - Slapshot by Martin Samuelsson.
13:25 of 2nd period - Stopped by Viktor Fasth without a rebound.
13:26 of 2nd period - Jonathan Marchessault wins face-off versus Joe Colborne in Penguins zone.
13:35 of 2nd period - Wrist shot by Martin Samuelsson.
13:35 of 2nd period - Stopped by Viktor Fasth without a rebound.
13:36 of 2nd period - Joe Colborne wins face-off versus Bryan Little in Penguins zone.
13:45 of 2nd period - Wrist shot by Clarke MacArthur.
13:45 of 2nd period - Shot Blocked by Mikkel Boedker.
13:50 of 2nd period - Off-side.
13:51 of 2nd period - Charlie Coyle wins face-off versus Steven Stamkos in neutral zone.
13:54 of 2nd period - Slapshot by Erik Karlsson.
13:54 of 2nd period - Shot Misses the Net.
14:46 of 2nd period - Icing by Kyle Turris.
14:47 of 2nd period - Kyle Turris wins face-off versus Joe Colborne in Avalanche zone.
14:47 of 2nd period - Kyle Turris is hit by Cal Clutterbuck.
15:13 of 2nd period - Tomas Fleischmann is hit by Clarke MacArthur and loses puck.
15:40 of 2nd period - Kyle Turris is hit by Oliver Ekman-Larsson and loses puck.
16:03 of 2nd period - Pavel Buchnevich is hit by Nick Leddy and loses puck.
16:30 of 2nd period - Tomas Fleischmann is hit by Clarke MacArthur and loses puck.
16:39 of 2nd period - Slapshot by Mattias Ekholm.
16:39 of 2nd period - Goal by Mattias Ekholm - Avalanche : 1 - Penguins : 3.
16:40 of 2nd period - Charlie Coyle wins face-off versus Steven Stamkos in neutral zone.
17:12 of 2nd period - Snap shot by Bryan Little.
17:12 of 2nd period - Shot Hit the Post.
17:53 of 2nd period - Mattias Ekholm is hit by Robert Hagg and loses puck.
19:40 of 2nd period - Sean Zimmerman is hit by Jonathan Marchessault and loses puck.
19:59 of 2nd period - Evgeny Dadonov is hit by Lars Eller and loses puck.
Goals for this period are 1 for Avalanche vs 3 for Penguins.
Shots for this period are 12 for Avalanche vs 9 for Penguins.
3rd period
0:01 of 3rd period - Steven Stamkos wins face-off versus Bryan Little in neutral zone.
0:17 of 3rd period - Icing by Bryan Little.
0:18 of 3rd period - Derek Stepan wins face-off versus Bryan Little in Avalanche zone.
0:27 of 3rd period - Snap shot by Jeff Skinner.
0:27 of 3rd period - Deflect By Derek Stepan.
0:27 of 3rd period - Shot Misses the Net.
0:27 of 3rd period - Puck is out of play.
0:28 of 3rd period - Derek Stepan wins face-off versus Charlie Coyle in Avalanche zone.
0:34 of 3rd period - Minor Penalty to Evgeny Dadonov for Hooking.
0:35 of 3rd period - Steven Stamkos wins face-off versus Charlie Coyle in Avalanche zone.
0:37 of 3rd period - Snap shot by Nikita Kucherov.
0:37 of 3rd period - Shot Misses the Net.
0:39 of 3rd period - Wrist shot by Nikita Kucherov.
0:39 of 3rd period - Stopped by Cam Ward without a rebound.
0:40 of 3rd period - Charlie Coyle wins face-off versus Steven Stamkos in Avalanche zone.
1:08 of 3rd period - Snap shot by Derek Stepan.
1:08 of 3rd period - Goal by Derek Stepan - Avalanche : 1 - Penguins : 4.
1:09 of 3rd period - Steven Stamkos wins face-off versus Charlie Coyle in neutral zone.
1:14 of 3rd period - Slapshot by Steven Stamkos.
1:14 of 3rd period - Shot Misses the Net.
1:24 of 3rd period - Snap shot by Evgeny Dadonov.
1:24 of 3rd period - Goal by Evgeny Dadonov - Avalanche : 2 - Penguins : 4.
1:25 of 3rd period - Steven Stamkos wins face-off versus Bryan Little in neutral zone.
1:36 of 3rd period - Snap shot by Nikita Kucherov.
1:36 of 3rd period - Stopped by Cam Ward without a rebound.
1:37 of 3rd period - Steven Stamkos wins face-off versus Charlie Coyle in Avalanche zone.
1:54 of 3rd period - Slapshot by Evgeny Dadonov.
1:54 of 3rd period - Shot Blocked by Steven Stamkos.
2:00 of 3rd period - Minor Penalty to Keith Aulie for Holding.
2:01 of 3rd period - Bryan Little wins face-off versus Steven Stamkos in Penguins zone.
4:00 of 3rd period - Penalty to Keith Aulie is over, Keith Aulie is back on ice.
5:20 of 3rd period - Marc Staal is hit by Marcus Foligno.
6:21 of 3rd period - Minor Penalty to Joe Pavelski for Tripping.
6:22 of 3rd period - Steven Stamkos wins face-off versus Patric Hornqvist in Penguins zone.
6:52 of 3rd period - Wrist shot by James Van Riemsdyk.
6:52 of 3rd period - Shot Misses the Net.
6:54 of 3rd period - Slapshot by Erik Karlsson.
6:54 of 3rd period - Stopped by Viktor Fasth with a rebound.
6:58 of 3rd period - Snap shot by Charlie Coyle.
6:58 of 3rd period - Stopped by Viktor Fasth with a rebound.
8:05 of 3rd period - James Van Riemsdyk is hit by Keith Aulie and loses puck.
8:21 of 3rd period - Penalty to Joe Pavelski is over, Joe Pavelski is back on ice.
8:31 of 3rd period - Kyle Turris is hit by Robert Hagg and loses puck.
8:55 of 3rd period - Sean Zimmerman is hit by Jonathan Marchessault and loses puck.
9:19 of 3rd period - Jack Johnson is hit by Sean Zimmerman and loses puck.
9:42 of 3rd period - James Van Riemsdyk is hit by Nikita Kucherov and loses puck.
9:57 of 3rd period - Patric Hornqvist is hit by Lars Eller and loses puck.
9:58 of 3rd period - Patric Hornqvist from Avalanche is injured at 9:58 of 3rd period (Fractured Metatarsal (Right Foot)).
9:59 of 3rd period - Bryan Little wins face-off versus Steven Stamkos in Avalanche zone.
10:07 of 3rd period - Marc Staal is hit by Sean Zimmerman and loses puck.
10:12 of 3rd period - Wrist shot by Mikkel Boedker.
10:12 of 3rd period - Shot Misses the Net.
10:14 of 3rd period - Slapshot by Jack Johnson.
10:14 of 3rd period - Stopped by Viktor Fasth with a rebound.
10:16 of 3rd period - Snap shot by Tomas Fleischmann.
10:16 of 3rd period - Stopped by Viktor Fasth with a rebound.
10:28 of 3rd period - Marc Staal is hit by Nick Leddy and loses puck.
10:49 of 3rd period - Wrist shot by Jonathan Marchessault.
10:49 of 3rd period - Shot Blocked by Cal Clutterbuck.
10:56 of 3rd period - Icing by Nick Leddy.
10:57 of 3rd period - Joe Colborne wins face-off versus Bryan Little in Penguins zone.
12:14 of 3rd period - Slapshot by Keith Aulie.
12:14 of 3rd period - Shot Blocked by Bryan Little.
12:16 of 3rd period - Wrist shot by Marcus Foligno.
12:16 of 3rd period - Shot Misses the Net.
12:18 of 3rd period - Slapshot by Brandon Tanev.
12:18 of 3rd period - Shot Blocked by Bryan Little.
12:48 of 3rd period - Slapshot by Luke Witkowski.
12:48 of 3rd period - Shot Misses the Net.
13:58 of 3rd period - Snap shot by Jonathan Marchessault.
13:58 of 3rd period - Goal by Jonathan Marchessault - Avalanche : 3 - Penguins : 4.
13:59 of 3rd period - Steven Stamkos wins face-off versus Bryan Little in neutral zone.
14:53 of 3rd period - Wrist shot by Jonathan Marchessault.
14:53 of 3rd period - Shot Blocked by Clarke MacArthur.
15:05 of 3rd period - Minor Penalty to Keith Aulie for Interference.
15:06 of 3rd period - Steven Stamkos wins face-off versus Bryan Little in Penguins zone.
15:43 of 3rd period - Colten Teubert is hit by Nick Leddy and loses puck.
16:47 of 3rd period - Luke Witkowski is hit by Clarke MacArthur and loses puck.
17:05 of 3rd period - Penalty to Keith Aulie is over, Keith Aulie is back on ice.
17:11 of 3rd period - Off-side.
17:12 of 3rd period - Lars Eller wins face-off versus Charlie Coyle in neutral zone.
17:19 of 3rd period - Snap shot by Brandon Tanev.
17:19 of 3rd period - Stopped by Cam Ward with a rebound.
17:21 of 3rd period - Wrist shot by Brandon Tanev.
17:21 of 3rd period - Goal by Brandon Tanev - Avalanche : 3 - Penguins : 5.
17:22 of 3rd period - Kyle Turris wins face-off versus Steven Stamkos in neutral zone.
17:31 of 3rd period - Wrist shot by Tomas Fleischmann.
17:31 of 3rd period - Deflect By Kyle Turris.
17:31 of 3rd period - Stopped by Viktor Fasth with a rebound.
17:33 of 3rd period - Backhand shot by Marc Staal.
17:33 of 3rd period - Shot Misses the Net.
17:35 of 3rd period - Slapshot by Jack Johnson.
17:35 of 3rd period - Shot Blocked by Nikita Kucherov.
17:37 of 3rd period - Wrist shot by Tomas Fleischmann.
17:37 of 3rd period - Shot Blocked by Keith Aulie.
17:47 of 3rd period - Nikita Kucherov is hit by Luke Witkowski and loses puck.
17:58 of 3rd period - Snap shot by Mikkel Boedker.
17:58 of 3rd period - Shot Blocked by Oliver Ekman-Larsson.
18:00 of 3rd period - Snap shot by Luke Witkowski.
18:00 of 3rd period - Goal by Luke Witkowski - Avalanche : 4 - Penguins : 5.
18:01 of 3rd period - Joe Colborne wins face-off versus Kyle Turris in neutral zone.
18:35 of 3rd period - Slapshot by Oliver Ekman-Larsson.
18:35 of 3rd period - Stopped by Cam Ward without a rebound.
18:36 of 3rd period - Jonathan Marchessault wins face-off versus Steven Stamkos in Avalanche zone.
19:09 of 3rd period - Avalanche, Cam Ward is pulled from the net.
19:51 of 3rd period - Wrist shot by Bryan Little.
19:51 of 3rd period - Goal by Bryan Little - Avalanche : 5 - Penguins : 5.
19:51 of 3rd period - Cam Ward from Avalanche was sent back in the game.
19:52 of 3rd period - Luke Witkowski wins face-off versus Cal Clutterbuck in neutral zone.
Goals for this period are 4 for Avalanche vs 2 for Penguins.
Shots for this period are 9 for Avalanche vs 6 for Penguins.
Overtime #1
0:01 of 1st overtime period - Mikkel Boedker wins face-off versus Steven Stamkos in neutral zone.
1:17 of 1st overtime period - Jack Johnson is hit by Oliver Ekman-Larsson and loses puck.
1:29 of 1st overtime period - Jack Johnson is hit by Marcus Foligno and loses puck.
2:09 of 1st overtime period - Clarke MacArthur is hit by Mattias Ekholm and loses puck.
2:21 of 1st overtime period - Keith Aulie is hit by Luke Witkowski and loses puck.
2:32 of 1st overtime period - Wrist shot by Luke Witkowski.
2:32 of 1st overtime period - Goal by Luke Witkowski - Avalanche : 6 - Penguins : 5.
Goals for this period are 1 for Avalanche vs 0 for Penguins.
Shots for this period are 1 for Avalanche vs 0 for Penguins.